 Dungeon Crawl Stone Soup version 0.18.1-48-g4cf74bf (webtiles) character file.

100162 Heedrag the Devastator (level 15, 0/89 HPs)
             Began as a Deep Elf Conjurer on Aug 19, 2016.
             Was the Champion of Vehumet.
             Slain by an alligator (17 damage)
             ... on level 2 of the Swamp.
             The game lasted 01:50:16 (29772 turns).

Heedrag the Devastator (Deep Elf Conjurer)         Turns: 29772, Time: 01:50:17

Health: 0/89       AC: 11    Str:  8      XL:     15   Next: 79%
Magic:  12/35      EV: 22    Int: 30 (31) God:    Vehumet [******]
Gold:   2621       SH:  8    Dex: 15      Spells: 10 memorised, 0 levels left

rFire  + + .     SeeInvis .     F - +3 war axe "Hydraslayer" {pain, rF+}
rCold  . . .     Gourm    .     T - +1 robe {rF+}
rNeg   . . .     Faith    .     e - +0 buckler
rPois  +         Spirit   .     Q - +2 helmet of the Morning {+Fly Int+2 Dex-2}
rElec  .         Dismiss  .     s - +0 cloak
rCorr  .         Reflect  +     q - +0 pair of gloves
SustAt .         Harm     .     j - +0 pair of boots
MR     +....                    D - +3 amulet of reflection
Stlth  +++.......               x - +5 ring of intelligence
                                I - ring of wizardry

@: somewhat resistant to hostile enchantments, fairly stealthy
A: hooves 2, repulsion field 1, thin skeletal structure 1, yellow scales 1,
deterioration 1, poison resistance, wild magic 1
a: Renounce Religion, Evoke Flight


You were on level 2 of the Swamp.
You worshipped Vehumet.
Vehumet was exalted by your worship.
You were hungry.

You visited 5 branches of the dungeon, and saw 25 of its levels.
You also visited: Bailey.

You collected 2746 gold pieces.
You spent 125 gold pieces at shops.

Inventory:

Hand Weapons
 z - a +0 falchion of flaming
 F - the +3 war axe "Hydraslayer" (weapon) {pain, rF+}
   (You found it on level 5 of the Dungeon)

   In the hands of one skilled in necromantic magic, it inflicts extra damage on
   living creatures.
   It protects you from fire.
Armour
 e - a +0 buckler (worn)
 j - a +0 pair of boots (worn)
 p - a swamp dragon hide
 q - a +0 pair of gloves (worn)
 s - a +0 cloak (worn)
 Q - the +2 helmet of the Morning (worn) {+Fly Int+2 Dex-2}
   (You found it on level 7 of the Dungeon)

   It affects your intelligence (+2).
   It affects your dexterity (-2).
   It lets you fly.
 T - a +1 robe of fire resistance (worn)
Magical Staves
 t - an uncursed staff of power
Jewellery
 u - an uncursed ring of positive energy
 x - a +5 ring of intelligence (right hand)
 D - a +3 amulet of reflection (around neck)
 I - a ring of wizardry (left hand)
 S - an uncursed ring of protection from cold
 V - an uncursed ring of positive energy
Wands
 v - a wand of confusion (26/48)
 w - a wand of disintegration (16/24)
 U - a wand of acid (7/15)
Scrolls
 h - 4 scrolls of identify
 k - 12 scrolls of remove curse
 o - 2 scrolls of fear
 r - a scroll of recharging
 y - 6 scrolls of magic mapping
 B - 5 scrolls of teleportation
 G - a scroll of amnesia
 H - a scroll of blinking
 W - 2 scrolls of fog
Potions
 a - a potion of cancellation {unknown}
 b - a potion of invisibility
 d - a potion of magic {unknown}
 g - 5 potions of brilliance {unknown}
 l - 2 potions of haste
 A - 4 potions of lignification {unknown}
 C - a potion of resistance {unknown}
 E - 8 potions of curing
 K - 3 potions of might {unknown}
 L - a potion of flight
 M - a potion of berserk rage
 N - a potion of mutation
 P - 4 potions of heal wounds
Books
 m - a book of the Sky

   Spells                             Type                      Level
   a - Summon Lightning Spire         Summoning/Air                4
   b - Airstrike                      Air                          4
   c - Silence                        Hexes/Air                    5
   d - Deflect Missiles               Charms/Air                   6
   e - Conjure Ball Lightning         Conjuration/Air              6
   f - Tornado                        Air                          9
Miscellaneous
 Y - a crystal ball of energy
Comestibles
 c - 14 bread rations
 f - 3 slices of pizza
 i - 2 beef jerkies
 n - 16 meat rations
 J - 4 royal jellies
 Z - 5 fruits


   Skills:
 + Level 8.7 Fighting
 + Level 12.3 Dodging
 - Level 2.4 Stealth
 + Level 5.7 Shields
 + Level 14.7 Spellcasting
 * Level 17.1 Conjurations
 - Level 12.0 Charms
 + Level 2.3 Summonings
 - Level 9.3 Necromancy
 + Level 5.0 Fire Magic
 - Level 6.0 Evocations


You couldn't memorise any spells.
You knew the following spells:

 Your Spells              Type           Power        Failure   Level  Hunger
a - Magic Dart            Conj           ####         1%          1    None
b - Iskenderun's Mystic   Conj           ########     1%          4    None
c - Iskenderun's Battles  Conj/Chrm      #######.     1%          5    None
d - Bolt of Draining      Conj/Necr      #######...   1%          5    None
e - Sublimation of Blood  Necr           #######...   1%          2    None
f - Freezing Cloud        Conj/Ice/Air   ######....   6%          6    ###....
g - Fireball              Conj/Fire      #######...   1%          5    None
h - Spellforged Servitor  Conj/Summ      #######...   6%          7    #####..
i - Bolt of Fire          Conj/Fire      #######...   1%          6    ###....
j - Delayed Fireball      Conj/Fire      N/A          3%          7    #####..


Dungeon Overview and Level Annotations

Branches:
Dungeon (12/15)            Temple (1/1) D:6            Lair (8/8) D:10
  Swamp (2/4) Lair:4        Snake (0/4) Lair:4        Slime (0/6) Lair:7
    Orc (2/2) D:11            Elf (0/3) Orc:2

Altars:
Ashenzari
Cheibriados
Dithmenos
Elyvilon
Fedhas
Gozag
Makhleb
Nemelex Xobeh
Okawaru
Pakellas
Qazlal
Ru
Sif Muna
Vehumet
Xom
Yredelemnul
Zin
The Shining One
Beogh

Shops:
D:9 %   Orc:2 !(?*

Portals:
Hell: Lair:8

Annotations:
D:7 1 runed door


Innate Abilities, Weirdness & Mutations

You have hoof-like feet.
You are surrounded by a mild repulsion field (EV +2).
You have a somewhat thin skeletal structure (Dex +2, Stealth).
You are partially covered in yellow scales (AC +2).
Your body sometimes deteriorates upon taking damage.
Your system is resistant to poisons.
Your spells are a little harder to cast, but a little more powerful.


Message History

* * * LOW HITPOINT WARNIN'
* * * Tha alligator completely misses ye.
Unknown command.
Castin': Magic Dart Confirm wit' . or Enter, or press ? or * ta list all spells.
Aimin': Iskenderun's Mestic Blast
Press: ? - help, Shift-Dir - straight line, f/p - alligator
Aim: an alligator (moderately wounded, coverin' ground quickly) Tha orb o' energy misses tha alligator.
Ye block tha alligator's attack.
Tha alligator misses ye.
Castin': Iskenderun's Mestic Blast Confirm wit' . or Enter, or press ? or * ta list all spells.
Aimin': Bolt o' Drainin'
Press: ? - help, Shift-Dir - straight line, f/p - alligator
Aim: an alligator (moderately wounded, coverin' ground quickly) Tha bolt o' negative energy hits tha alligator.
Tha alligator be drain'd!
Tha alligator be almost dead.
Tha alligator bites ye!
Ye die...

≈≈≈.≈§♣≈..
♣.....≈≈≈≈§♣
♣.≈≈..≈.≈≈≈♣
♣.≈≈.≈≈.≈≈≈♣ ♣
♣♣.♣≈...≈≈≈≈♣♣≈♣
..♣♣≈≈.≈≈≈♣≈.≈.≈..♣
≈...≈≈..≈≈≈≈.t≈..♣
..≈≈≈≈≈.....≈@≈≈.♣
≈.≈≈≈≈..≈§≈%.≈≈♣..♣
≈≈≈≈≈≈≈♣§≈%§≈♣≈≈.♣♣
≈.≈≈≈.≈≈≈≈≈≈≈.≈.≈♣≈^♣
≈.....≈≈≈.≈§♣§§.≈..≈♣
≈.≈≈♣≈≈≈§≈....≈≈≈≈≈§♣
≈.≈≈≈≈≈≈≈≈≈..≈♣≈≈≈≈.♣
......≈≈≈≈≈.♣≈≈♣....♣
♣..≈..≈.≈≈..≈≈.).≈≈.♣


You could see an alligator.

Vanquished Creatures
  A dire elephant (Lair:8)
  11 hydras
  13 death yaks
  A queen ant (Lair:4)
  8 orc high priests (Orc:2)
  A sun demon (Lair:8)
  A fire crab (Lair:8)
  A wizard (Lair:8)
  7 swamp dragons
  A deep elf archer (Bailey)
  A shambling mangrove (Swamp:1)
  2 orc knights
  11 deep elf magi
  2 ugly things (D:12)
  A hill giant (D:10)
  A necromancer (D:12)
  3 griffons
  A manticore (D:11)
  A sixfirhy (Lair:8)
  2 cyclopes
  2 centaur zombies (D:12)
  14 elephants
  7 black mambas
  A centaur skeleton (D:12)
  A gargoyle (D:11)
  20 spiny frogs
  2 torpor snails
  An orange demon (Lair:8)
  A smoke demon (Lair:8)
  3 rime drakes
  7 komodo dragons
  5 ice devils (Lair:8)
  5 trolls
  3 red devils (Lair:8)
  8 giant leeches
  3 two-headed ogres
  A bog body (Swamp:2)
  21 blink frogs
  A boulder beetle (Lair:7)
  15 slime creatures
  4 spriggans
  55 yaks
  The ghost of Xelenos the Skirmisher, an amateur MiFi (D:3)
  A shadow (Swamp:2)
  2 basilisks
  A wyvern (D:10)
  Grum (D:11)
  3 hungry ghosts
  10 hippogriffs
  3 vampire mosquitoes (D:12)
  3 nagas (Lair:4)
  6 soldier ants (Lair:4)
  6 wargs
  10 swamp worms
  9 water moccasins
  17 porcupines
  4 swamp drakes
  17 orc warriors
  5 sky beasts
  A black bear (D:10)
  A phantom (D:9)
  2 eyes of draining
  An ice beast (D:9)
  8 wasps
  7 ogres
  9 wolves
  17 crocodiles
  7 centaurs
  A big kobold (D:11)
  19 giant frogs
  An earth elemental (Orc:2)
  A wyvern zombie (D:12)
  8 scorpions
  31 killer bees
  15 wights
  2 howler monkeys
  8 electric eels
  4 jellies
  3 crimson imps
  A giant frog zombie (D:6)
  3 giant frog skeletons
  4 hounds
  38 orc priests
  17 iguanas
  21 orc wizards
  2 polar bear simulacra (D:12)
  32 worker ants
  3 yak simulacra (D:12)
  14 sheep
  4 wolf simulacra (D:12)
  A howler monkey zombie (D:11)
  2 worker ant zombies
  8 adders
  A howler monkey skeleton (D:7)
  70 river rats
  3 shadow imps
  3 oozes
  3 adder skeletons
  An adder zombie (D:9)
  4 worms
  12 dart slugs
  4 giant geckos
  92 orcs
  10 bats
  4 giant cockroaches
  12 goblins
  4 hobgoblins
  10 jackals
  8 kobolds
  2 ball pythons
  A ball python skeleton (D:4)
  A giant gecko skeleton (D:4)
  7 giant newts
  6 rats
  2 river rat simulacra (D:12)
  6 fungi
  5 plants (Lair:8)
916 creatures vanquished.

Vanquished Creatures (collateral kills)
  The ghost of AAAAA the Thaumaturge, a journeyman HECj of Okawaru (Orc:2)
1 creature vanquished.

Vanquished Creatures (others)
  A centaur (Lair:3)
  An orc (D:3)
  14 fungi
  9 plants
25 creatures vanquished.

Grand Total: 942 creatures vanquished

Notes
Turn   | Place    | Note
--------------------------------------------------------------
     0 | D:1      | Heedrag the Deep Elf Conjurer began the quest for the Orb.
     0 | D:1      | Reached XP level 1. HP: 10/10 MP: 6/6
    95 | D:1      | Reached XP level 2. HP: 15/15 MP: 2/8
   391 | D:1      | Reached skill level 5 in Conjurations
   600 | D:2      | Reached XP level 3. HP: 19/19 MP: 6/10
  1490 | D:3      | Reached XP level 4. HP: 24/24 MP: 9/12
  1552 | D:3      | Reached skill level 6 in Conjurations
  1585 | D:3      | Learned a level 4 spell: Iskenderun's Mystic Blast
  1607 | D:3      | Found a basalt altar of Yredelemnul.
  1608 | D:3      | Found a glowing golden altar of the Shining One.
  1611 | D:3      | Noticed Xelenos's ghost (amateur MiFi)
  1938 | D:4      | Noticed an ogre
  1944 | D:4      | Killed an ogre
  1944 | D:4      | Reached skill level 5 in Spellcasting
  1944 | D:4      | Reached XP level 5. HP: 28/28 MP: 4/14
  1951 | D:4      | Learned a level 5 spell: Iskenderun's Battlesphere
  2147 | D:4      | Reached skill level 7 in Conjurations
  2147 | D:4      | Reached skill level 1 in Charms
  2147 | D:4      | Reached XP level 6. HP: 9/32 MP: 3/15
  2505 | D:5      | Entered Level 5 of the Dungeon
  2577 | D:5      | Got a faintly glowing war axe
  2731 | D:5      | Identified the +3 war axe "Hydraslayer" {pain, rF+} (You found it on level 5 of the Dungeon)
  2939 | D:5      | Reached XP level 7. HP: 26/36 MP: 0/17
  3215 | D:5      | Reached skill level 8 in Conjurations
  3778 | D:5      | Gained mutation: Your muscles are strong. (Str +2) [mutagenic meat]
  3779 | D:5      | Gained mutation: Your mind is acute. (Int +2) [mutagenic meat]
  3780 | D:5      | Gained mutation: Your body sometimes deteriorates upon taking damage. [mutagenic meat]
  3781 | D:5      | Lost mutation: Your mind is acute. (Int +2) [mutagenic meat]
  3782 | D:5      | Gained mutation: You tend to lose your temper in combat. [mutagenic meat]
  3783 | D:5      | Gained mutation: You have large cloven feet. [mutagenic meat]
  4394 | D:3      | Killed Xelenos's ghost
  4394 | D:3      | Reached skill level 9 in Conjurations
  4394 | D:3      | Reached skill level 5 in Charms
  4394 | D:3      | Reached XP level 8. HP: 34/41 MP: 7/20
  4666 | D:6      | Got a heavily runed ring mail
  4894 | D:6      | Found a shadowy altar of Dithmenos.
  4906 | D:6      | Found a shimmering altar of Xom.
  4909 | D:6      | Found a burning altar of Makhleb.
  5171 | D:6      | Found a staircase to the Ecumenical Temple.
  5217 | Temple   | Entered the Ecumenical Temple
  5271 | Temple   | Became a worshipper of Vehumet
  5307 | D:6      | Reached skill level 1 in Fighting
  5750 | D:7      | Reached skill level 10 in Conjurations
  5765 | D:7      | Found a white marble altar of Elyvilon.
  5765 | D:7      | Found a runed door.
  5765 | D:7      | Noticed an angel
  5870 | D:7      | Reached XP level 9. HP: 41/48 MP: 16/23
  6129 | D:7      | Got a faintly humming helmet
  6130 | D:7      | Identified the +2 helmet of the Morning {+Fly Int+2 Dex-2} (You found it on level 7 of the Dungeon)
  6479 | D:7      | Reached * piety under Vehumet
  6479 | D:7      | Offered knowledge of Shock by Vehumet.
  8026 | D:9      | Reached skill level 5 in Dodging
  8173 | D:9      | Found Nakkogg's Food Boutique.
  8204 | D:9      | Found an opulent altar of Gozag.
  8356 | D:9      | Reached skill level 11 in Conjurations
  8460 | D:9      | Noticed a troll
  8463 | D:9      | Killed a troll
  8463 | D:9      | Reached XP level 10. HP: 56/56 MP: 11/25
  8483 | D:9      | Lost mutation: Your muscles are strong. (Str +2) [mutagenic meat]
  8485 | D:9      | Gained mutation: You are robust (+10% HP). [mutagenic meat]
  8486 | D:9      | Lost mutation: You tend to lose your temper in combat. [mutagenic meat]
  8671 | D:9      | Reached ** piety under Vehumet
  8783 | D:9      | Offered knowledge of Throw Frost by Vehumet.
  9162 | D:10     | Entered Level 10 of the Dungeon
  9179 | D:10     | Noticed a hill giant
  9207 | D:10     | Killed a hill giant
  9350 | D:10     | Found a sacrificial altar of Ru.
  9424 | D:10     | Noticed a gargoyle
  9433 | D:11     | Killed a gargoyle
  9647 | D:11     | Offered knowledge of Inner Flame by Vehumet.
  9653 | D:11     | Reached skill level 10 in Spellcasting
  9653 | D:11     | Reached skill level 12 in Conjurations
  9670 | D:11     | Found a flagged portal.
  9714 | Bailey   | Entered a bailey
  9828 | Bailey   | Noticed a deep elf mage
  9832 | Bailey   | Killed a deep elf mage
  9869 | Bailey   | Noticed a deep elf mage
  9871 | Bailey   | Noticed a deep elf mage
  9872 | Bailey   | Noticed a deep elf mage
  9874 | Bailey   | Killed a deep elf mage
  9875 | Bailey   | Killed a deep elf mage
  9875 | Bailey   | Reached skill level 10 in Charms
  9877 | Bailey   | Noticed a deep elf mage
  9883 | Bailey   | Killed a deep elf mage
  9883 | Bailey   | Reached XP level 11. HP: 64/68 MP: 9/27
  9884 | Bailey   | Noticed a deep elf mage
  9885 | Bailey   | Killed a deep elf mage
  9887 | Bailey   | Killed a deep elf mage
  9935 | Bailey   | Noticed a deep elf mage
  9938 | Bailey   | Killed a deep elf mage
  9938 | Bailey   | Reached *** piety under Vehumet
 10053 | Bailey   | Noticed a deep elf mage
 10053 | Bailey   | Noticed a deep elf mage
 10058 | Bailey   | Killed a deep elf mage
 10061 | Bailey   | Killed a deep elf mage
 10061 | Bailey   | Reached skill level 5 in Fighting
 10098 | Bailey   | Noticed a deep elf archer
 10103 | Bailey   | Killed a deep elf archer
 10208 | Bailey   | Learned a level 5 spell: Bolt of Draining
 10314 | D:11     | Reached skill level 1 in Necromancy
 10419 | D:12     | Reached skill level 13 in Conjurations
 10537 | D:12     | Identified a scroll of acquirement
 10538 | D:12     | Identified the Volume of Creative Necromancy (You acquired it on level 12 of the Dungeon)
 10566 | D:12     | Offered knowledge of Conjure Flame by Vehumet.
 10570 | D:12     | Noticed a cyan ugly thing
 11053 | D:12     | Reached **** piety under Vehumet
 11137 | D:12     | Killed a cyan ugly thing
 11142 | D:12     | Gained mutation: You are surrounded by a mild repulsion field (EV +2). [mutagenic meat]
 11204 | D:12     | Noticed a deep elf mage
 11207 | D:12     | Killed a deep elf mage
 11215 | D:12     | Offered knowledge of Lee's Rapid Deconstruction by Vehumet.
 11243 | D:12     | Noticed a necromancer
 11245 | D:12     | Killed a necromancer
 11245 | D:12     | Reached XP level 12. HP: 75/75 MP: 17/29
 11568 | D:12     | Gained mutation: You have a somewhat thin skeletal structure (Dex +2, Stealth). [mutagenic meat]
 11569 | D:12     | Gained mutation: You have hoof-like feet. [mutagenic meat]
 11778 | D:10     | Identified the +7 ring mail "Boalus" {Int+3} (You found it on level 6 of the Dungeon)
 12050 | D:10     | Found a staircase to the Lair.
 12067 | Lair:1   | Entered Level 1 of the Lair of Beasts
 12071 | Lair:1   | Learned a level 2 spell: Sublimation of Blood
 12181 | Lair:1   | Reached ***** piety under Vehumet
 12468 | Lair:1   | Offered knowledge of Lightning Bolt by Vehumet.
 13285 | Lair:2   | Noticed a four-headed hydra
 13288 | Lair:2   | Killed a four-headed hydra
 13355 | Lair:2   | Reached skill level 14 in Conjurations
 13440 | Lair:2   | Reached skill level 5 in Necromancy
 14151 | Lair:2   | Noticed a four-headed hydra
 14155 | Lair:2   | Killed a four-headed hydra
 14155 | Lair:2   | Reached skill level 1 in Evocations
 14629 | Lair:3   | Got a dull robe
 14630 | Lair:3   | Identified the cursed +1 robe of Death's Door {Str+2} (You found it on level 3 of the Lair of Beasts)
 14669 | Lair:3   | Reached skill level 1 in Shields
 15229 | Lair:3   | Reached XP level 13. HP: 48/83 MP: 10/31
 15427 | Lair:3   | Offered knowledge of Freezing Cloud by Vehumet.
 15467 | Lair:3   | Found a blossoming altar of Fedhas.
 16081 | Lair:4   | Found a staircase to the Snake Pit.
 16088 | Lair:4   | Reached skill level 10 in Dodging
 16910 | Lair:4   | Learned a level 6 spell: Freezing Cloud
 16918 | Lair:4   | Reached skill level 15 in Conjurations
 17158 | Lair:4   | Found a staircase to the Swamp.
 17218 | Lair:4   | Offered knowledge of Ozocubu's Refrigeration by Vehumet.
 19176 | Lair:6   | Reached XP level 14. HP: 90/90 MP: 25/33
 19875 | Lair:6   | Offered knowledge of Fireball by Vehumet.
 20613 | Lair:7   | Reached skill level 5 in Evocations
 20841 | Lair:7   | Found a staircase to the Slime Pits.
 20998 | Lair:7   | Learned a level 5 spell: Fireball
 21050 | Lair:7   | Reached skill level 16 in Conjurations
 21741 | Lair:1   | Identified the Guide on the Creative Oath (You acquired it on level 1 of the Lair of Beasts)
 21751 | Lair:1   | Learned a level 7 spell: Spellforged Servitor
 21760 | Lair:1   | Gained mutation: You are partially covered in yellow scales (AC +2). [potion of mutation]
 21760 | Lair:1   | Lost mutation: You are robust (+10% HP). [potion of mutation]
 21933 | Lair:8   | Entered Level 8 of the Lair of Beasts
 22020 | Lair:8   | Got a bloodstained arbalest
 22021 | Lair:8   | Identified the cursed +0 arbalest "Vilag" {venom, rPois Int+4} (You found it on level 8 of the Lair of Beasts)
 22083 | Lair:8   | Reached skill level 1 in Fire Magic
 23194 | Lair:8   | Found a burning altar of Makhleb.
 23383 | Lair:8   | Reached XP level 15. HP: 88/88 MP: 16/35
 24061 | Lair:8   | Found a gateway to Hell.
 24069 | Lair:8   | Identified Sif Muna's Handbook of Transformation and Poisoning
 24257 | D:10     | Offered knowledge of Bolt of Fire by Vehumet.
 24827 | D:10     | Learned a level 6 spell: Bolt of Fire
 25329 | D:11     | Found a staircase to the Orcish Mines.
 25335 | Orc:1    | Entered Level 1 of the Orcish Mines
 25806 | Orc:2    | Entered Level 2 of the Orcish Mines
 25887 | Orc:2    | Reached skill level 5 in Shields
 25904 | Orc:2    | Noticed AAAAA's ghost (journeyman HECj)
 25943 | Orc:2    | Killed AAAAA's ghost
 26818 | Orc:2    | Found a roughly hewn altar of Beogh.
 26842 | Orc:2    | Found a staircase to the Elven Halls.
 26853 | Orc:2    | Found Coacamm's Distillery.
 26853 | Orc:2    | Found Archagam's Antique Weapon Shoppe.
 27136 | Orc:2    | Offered knowledge of Delayed Fireball by Vehumet.
 27288 | Orc:2    | Learned a level 7 spell: Delayed Fireball
 27511 | Orc:2    | Found Haapnu's General Store.
 27511 | Orc:2    | Found Xonlei's Magic Scroll Shop.
 27515 | Orc:2    | Bought a potion of mutation for 35 gold pieces
 27515 | Orc:2    | Gained mutation: Your spells are a little harder to cast, but a little more powerful. [potion of mutation]
 27515 | Orc:2    | Gained mutation: Your system is resistant to poisons. [potion of mutation]
 27582 | Orc:2    | Bought a scroll of blinking for 90 gold pieces
 28024 | D:11     | Noticed Grum
 28028 | D:11     | Killed Grum
 28201 | Swamp:1  | Entered Level 1 of the Swamp
 28428 | Swamp:1  | Reached ****** piety under Vehumet
 28621 | Swamp:1  | Reached skill level 1 in Summonings
 29148 | Swamp:1  | Reached skill level 17 in Conjurations
 29640 | Swamp:2  | Reached skill level 5 in Fire Magic
 29772 | Swamp:2  | Slain by an alligator

Skill      XL: |  1  2  3  4  5  6  7  8  9 10 11 12 13 14 15 |
---------------+----------------------------------------------+-----
Conjurations   | 5 6 7 9 10 11 12 13 14 15 16 17 | 17.1
Spellcasting   | 4 5 6 8 9 10 11 12 13 14 | 14.7
Charms         | 1 3 5 6 8 10 11 12 | 12.0
Fighting       | 1 3 4 5 6 7 8 |  8.7
Dodging        | 3 5 7 8 9 10 11 12 | 12.3
Necromancy     | 3 5 7 8 9 |  9.3
Evocations     | 2 4 5 6 |  6.0
Shields        | 1 3 4 5 |  5.7
Fire Magic     | 2 5 |  5.0
Summonings     | 2 |  2.3
Stealth        | |  2.4

Action                   |  1- 3 |  4- 6 |  7- 9 | 10-12 | 13-15 || total
-------------------------+-------+-------+-------+-------+-------++-------
Melee: Unarmed           |     2 |       |       |       |       ||     2
       Dagger            |       |     6 |       |       |       ||     6
       War axe           |       |     5 |    48 |   106 |   104 ||   263
       Kick              |       |       |     6 |    21 |     8 ||    35
 Cast: Magic Dart        |    77 |   140 |   309 |   399 |   661 ||  1586
       Iskenderun's Batt |       |       |    28 |    69 |   148 ||   245
       Iskenderun's Myst |       |       |     3 |    37 |    79 ||   119
       Bolt of Draining  |       |       |       |    27 |   153 ||   180
       Sublimation of Bl |       |       |       |     7 |     5 ||    12
       Fireball          |       |       |       |       |    41 ||    41
       Freezing Cloud    |       |       |       |       |     8 ||     8
       Bolt of Fire      |       |       |       |       |     4 ||     4
       Spellforged Servi |       |       |       |       |     2 ||     2
  Use: Scroll            |       |     2 |     1 |    19 |     5 ||    27
       Potion            |       |       |     5 |     1 |     2 ||     8
 Stab: Sleeping          |       |       |       |     1 |     1 ||     2
  Eat: Chunk             |     1 |     5 |    28 |    33 |    40 ||   107
       Beef jerky        |       |       |       |     2 |     5 ||     7
Armor: Robe              |     2 |     6 |    33 |    34 |    33 ||   108
Dodge: Dodged            |     5 |    17 |    88 |   188 |   197 ||   495
Block: Other             |       |     2 |    11 |    33 |       ||    46
       Reflection        |       |       |     2 |     1 |     4 ||     7
       Buckler           |       |       |       |    18 |   108 ||   126
